 Dungeon Crawl Stone Soup version 0.30.1-1-g62c8e00024 (webtiles) character file.

Game seed: 11711443912398502706

59 Anriel the Shooter (level 3, -1/21 HPs)
             Began as a Deep Elf Hunter on July 17, 2023.
             Slain by Crazy Yiuf
             ... wielding a +3 quarterstaff of chaos
              (10 damage)
             ... on level 2 of the Dungeon.
             The game lasted 00:09:37 (1325 turns).

Anriel the Shooter (Deep Elf Hunter)                Turns: 1325, Time: 00:09:37

Health: -1/21      AC:  3    Str:  8    XL:     3   Next: 78%
Magic:  0/5        EV: 13    Int: 19    God:
Gold:   124        SH:  0    Dex: 20    Spells: 2/2 levels left

rFire   . . .        a - +1 shortbow (heavy)
rCold   . . .        (shield currently unavailable)
rNeg    . . .        c - +0 leather armour
rPois   .            (no helmet)
rElec   .            (no cloak)
rCorr   .            (no gloves)
SInv    .            (no boots)
Will    .....        (no amulet)
Stlth   ++           i - +6 ring of intelligence
HPRegen 0.23/turn    (no ring)
MPRegen 0.09/turn

%: no passive effects
@: no status effects
A: no striking features
a: no special abilities


You were on level 2 of the Dungeon.
You visited 1 branch of the dungeon, and saw 2 of its levels.

You collected 124 gold pieces.

Inventory:

Hand Weapons
 a - a +1 heavy shortbow (weapon)
 h - a +1 dagger of venom
Armour
 c - a +0 leather armour (worn)
 f - a +0 ring mail
Jewellery
 i - a +6 ring of intelligence (left hand)
Scrolls
 b - a scroll of immolation
 d - a scroll of poison
 e - a scroll of vulnerability {unknown}
 g - a scroll of identify {unknown}
 j - a scroll of magic mapping
 k - a scroll of enchant armour {unknown}


   Skills:
 - Level 2.1 Fighting
 * Level 6.1 Ranged Weapons
 * Level 3.2 Dodging
 - Level 2.1 Stealth


You had 2 spell levels left.
You didn't know any spells.
Your spell library was empty.

Dungeon Overview and Level Annotations

Branches:
Dungeon (2/15)

Altars:

Annotations:
D:2 Crazy Yiuf


Message History

a +0 club; a stone
k - a scroll labelled IPRUAN JAOCA RIU You now have 112 gold pieces (gained 13).
Things that are here:
a +0 hammer; a +0 sling; a goblin corpse
Things that are here:
a +0 club; a stone You now have 124 gold pieces (gained 12).
A hobgoblin comes into view.
Fire: a) +1 shortbow (heavy)
Press: ? - help, Q - select action Shift-Dir - straight line, f - hobgoblin
Aim: a hobgoblin (67% to hit)
You shoot an arrow. The arrow hits the hobgoblin!!
You kill the hobgoblin!
Found a stone staircase leading down.
Found a club and a hammer.
You shoot an arrow. The arrow hits the fungus!!
The fungus begins to die.
The fungus is lightly damaged.
You see here a +0 club.
You see here a +0 hammer.
A nearby fungus withers and dies.
Found a hammer.
Found a runed translucent door.
Found a hammer.
You open the door.
Crazy Yiuf shouts!
Fire: a) +1 shortbow (heavy)
Press: ? - help, Q - select action Shift-Dir - straight line, f - Crazy Yiuf
Aim: Crazy Yiuf, wielding a +3 quarterstaff of chaos and wearing a +0 cloak (70% to hit)
You shoot an arrow. The arrow barely misses Crazy Yiuf.
Fire: a) +1 shortbow (heavy)
Press: ? - help, Q - select action Shift-Dir - straight line, f/p - Crazy Yiuf
Aim: Crazy Yiuf, wielding a +3 quarterstaff of chaos and wearing a +0 cloak (70% to hit)
You shoot an arrow. The arrow hits Crazy Yiuf!
Crazy Yiuf is heavily wounded.
Crazy Yiuf hits you with a +3 quarterstaff of chaos!
Ouch! That really hurt!
You feel your power leaking away. Crazy Yiuf attacks as you move away!
Crazy Yiuf hits you with a +3 quarterstaff of chaos!
You die...

.........# #.#
#........####)# .#
#.#####.....).# .#..#
#.# ######### #.#..##
#.# ###...... #.#
##### ♣♣♣♣♣##........
..###...# ###
♣♣♣.♣..#...##..#.
........##
#.).#♣..♣.).....##..#.
..##.....#
#...g@♣♣♣♣.)....##..#.
######.### #)..#♣♣
♣♣.#..###.... # #.#
### ♣♣##........ # #.#
#.#####.. #.# #.# ##.
#.######## ######.#
##.. #.....^...
...##..# ##... #
#.#####>.#
#..##).###.... ##
##.## #.#
#..##.........


You could see Crazy Yiuf.

Vanquished Creatures
  An adder (D:2)
  A ball python (D:2)
  4 endoplasms
  8 goblins
  5 hobgoblins
  A quokka (D:1)
  5 bats
  7 frilled lizards
  6 kobolds
  10 rats
48 creatures vanquished.

Notes
Turn   | Place    | Note
-------+----------+-------------------------------------------
     0 | D:1      | Anriel the Deep Elf Hunter began the quest for the Orb.
     0 | D:1      | Reached XP level 1. HP: 12/12 MP: 3/3
   108 | D:1      | Reached XP level 2. HP: 17/17 MP: 4/4
   679 | D:1      | Reached XP level 3. HP: 21/21 MP: 5/5
  1172 | D:2      | Reached skill level 6 in Ranged Weapons
  1318 | D:2      | Found a runed translucent door.
  1319 | D:2      | Noticed Crazy Yiuf
  1325 | D:2      | Slain by Crazy Yiuf

Illustrated notes

Levels and vault maps discovered:
D:1:      dpeg_arrival_subterranean_lakeside_camping, layout_basic,
          minmay_bisected
D:2:      layout_loops_ring, minmay_tromino_v4_c, uniq_crazy_yiuf_cottage

Skill      XL: |  1  2  3 |
---------------+----------+-----
Fighting       | 2 |  2.1
Stealth        | 2 |  2.1
Dodging        | 3 |  3.2
Ranged Weapons | 6 |  6.1

Action                     || total
---------------------------++-------
   Fire: Shortbow          ||   100
    Use: Scroll            ||     5
 Armour: Leather armour    ||    13
  Dodge: Dodged            ||    19
